 Dungeon Crawl Stone Soup version 0.29-a0-821-g66395355a5 (webtiles) character file.

Game seed: 5306935458685144750

28 jjjjhere the Chopper (level 3, -3/49 HPs)
             Began as a Meteoran Berserker on July 8, 2022.
             Was a Follower of Trog.
             Slain by a gnoll
             ... wielding a +0 halberd
              (7 damage)
             ... on level 2 of the Dungeon.
             The game lasted 00:01:26 (556 turns).

jjjjhere the Chopper (Meteoran Berserker)            Turns: 556, Time: 00:01:27

Health: -3/49      AC:  2    Str: 21    XL:     3   Next: 47%
Magic:  4/4        EV: 12    Int:  8    God:    Trog [*.....]
Gold:   44         SH:  0    Dex: 13    Spells: 2/2 levels left

rFire   . . .      SeeInvis .   a - +0 hand axe
rCold   . . .      Faith    +   (no shield)
rNeg    . . .      Spirit   .   b - +0 animal skin
rPois   .          Reflect  .   (no helmet)
rElec   .          Harm     .   (no cloak)
rCorr   .          Rampage  .   (no gloves)
Will    .....                   (no boots)
Stlth   ..........              g - amulet of faith
HPRegen 0.16/turn               (no ring)
MPRegen 0.09/turn               (no ring)

@: berserking, glowing, very quick
A: sense surroundings 1, otherworldly, glowing, explore regen
a: Renounce Religion, Berserk


You were on level 2 of the Dungeon.
You worshipped Trog.
Trog was aware of your devotion.
You visited 1 branch of the dungeon, and saw 2 of its levels.

You collected 44 gold pieces.

Inventory:

Hand Weapons
 a - a +0 hand axe (weapon)
Missiles
 d - 3 javelins (quivered)
Armour
 b - a +0 animal skin (worn)
Jewellery
 f - an amulet of the acrobat
 g - an amulet of faith (around neck)
Scrolls
 c - a scroll of noise {unknown}
Potions
 e - a potion of lignification {unknown}


   Skills:
 + Level 3.7 Fighting
 * Level 4.7 Axes
 - Level 2.4 Armour
 - Level 2.4 Dodging


You had 2 spell levels left.
You didn't know any spells.
Your spell library was empty.

Dungeon Overview and Level Annotations

Branches:
Dungeon (2/15) Zot: 638

Altars:


Innate Abilities, Weirdness & Mutations

You passively map a small area around you.
You are easily found by Zot.
You glow in the dark.
You regain HP and MP as you explore.


Message History

You feel sick.
You feel sick.
You are no longer poisoned.
Found 5 stones.
A kobold comes into view. It is wielding a +0 dagger.
The kobold shouts!
Found a club.
Found a jade ring.
The kobold throws a stone.
The stone hits you but does no damage.
A gnoll comes into view. It is wielding a +0 halberd.
The gnoll shouts!
You hear a shout!
A gnoll comes into view. It is wielding a +0 halberd.
The kobold throws a stone.
The stone hits you but does no damage.
A gnoll comes into view. It is wielding a +0 flail.
Found a coppery potion.
The gnoll shouts!
The gnoll hits you from afar with a +0 halberd!
The gnoll hits you with a +0 halberd.
A red film seems to cover your vision as you go berserk!
You feel yourself moving faster!
You feel mighty!
The gnoll hits you from afar with a +0 halberd.
You feel a strong urge to attack something.
The kobold throws a stone.
The stone hits you. The gnoll barely misses you.
The gnoll hits you with a +0 halberd.
You barely miss the gnoll. x2; The gnoll misses you.
The gnoll hits you with a +0 halberd!
* * * LOW HITPOINT WARNING * * *
You slash the gnoll!
The gnoll is severely wounded.
You barely miss the gnoll. You hit the gnoll.
The gnoll is almost dead.
You barely miss the gnoll. The gnoll closely misses you.
The gnoll hits you with a +0 halberd!
* * * LOW HITPOINT WARNING * * *
You closely miss the gnoll.
The gnoll is almost dead.
You slash the gnoll! You closely miss the gnoll.
The gnoll hits you with a +0 halberd!
You die...

##......## *
##......!.## *
#..........# *
#..........# *
#..........# ,
#..........# * *
####..gg....... , ,
........@.....# , ,
* #..###.gK.....##
, #.##..........#
#.............#
####........... , ,
* #####
#.(....).... , *
,....###..........#
* #..#..........##
#####
#..............


You could see 3 gnolls and a kobold.

Vanquished Creatures
  An adder (D:2)
  2 bats (D:1)
  3 endoplasms (D:1)
  A hobgoblin (D:1)
  3 jackals (D:1)
  A quokka (D:1)
  3 ball pythons (D:1)
  A frilled lizard (D:1)
  A kobold (D:1)
  2 rats (D:1)
18 creatures vanquished.

Notes
Turn   | Place    | Note
-------+----------+-------------------------------------------
     0 | D:1      | jjjjhere the Meteoran Berserker began the quest for the
                  | Orb.
     0 | D:1      | Reached XP level 1. HP: 19/19 MP: 2/2
    71 | D:1      | HP: 6/19 [ball python (1)]
    79 | D:1      | HP: 3/19 [ball python (1)]
    80 | D:1      | HP: 1/19 [ball python (2)]
   225 | D:1      | Reached XP level 2. HP: 25/26 MP: 3/3
   261 | D:1      | Reached skill level 4 in Axes
   388 | D:1      | Reached XP level 3. HP: 19/31 MP: 4/4
   436 | D:1      | HP: 10/31 [quokka (3)]
   553 | D:2      | HP: 12/49 [gnoll/+0 halberd (7)]
   555 | D:2      | HP: 4/49 [gnoll/+0 halberd (8)]
   556 | D:2      | Slain by a gnoll

Illustrated notes

Levels and vault maps discovered:
D:1:      dpeg_arrival_tiny_f, layout_basic, minmay_misc_feat_roman,
          chequers_serial_rivers_micro_c
D:2:      layout_rooms, minmay_quantized

Skill      XL: |  1  2 |
---------------+-------+-----
Axes           | 4 |  4.7
Fighting       | |  3.7
Armour         | |  2.4
Dodging        | |  2.4

Action                   || total
-------------------------++-------
Melee: Hand axe          ||    74
Invok: Berserk           ||     1
Armor: Animal skin       ||    25
Dodge: Dodged            ||    37

Table legend: (Time is in decaauts)
 A = Elapsed time spent in this place.
 B = Non-inter-level travel time spent in this place.
 C = Inter-level travel time spent in this place.
 D = Time resting spent in this place.
 E = Time spent auto-exploring this place.
 F = Levels seen in this place.
 G = Mean time per level.
                   A        B        C        D        E       F      G
               +--------+--------+--------+--------+--------+-----+--------+
         Total |    561 |    522 |     39 |    100 |     95 |   2 |  280.5 |
       Dungeon |    561 |    522 |     39 |    100 |     95 |   2 |  280.5 |
               +--------+--------+--------+--------+--------+-----+--------+

Top non-repeatable levels by time:
     D:1: 492 daAuts
     D:2: 68 daAuts
